SL
TOLEDO TITANS @ THUNDER BAY NORTHERN LIONS BC
07/19/2024
 
TOP OF THE 1ST
Toledo Titans batting - Pitching for Thunder Bay Northern Lions BC : RHP Christian Pitts
Pitching: RHP Christian Pitts
Batting: RHB Pil-joong Pak 0-0: Foul Ball, location: 2F
0-1: Ball
1-1: Swinging Strike
1-2: SINGLE (Line Drive, 78M)
Batting: RHB Kade Knowles 0-0: Ball
1-0: Ball
2-0: Ball
3-0: Called Strike
3-1: Foul Ball, location: 2F
3-2: SINGLE (Groundball, 6)
Pil-joong Pak to second
Pil-joong Pak to third
Batting: LHB Tony Dyer 0-0: Ball
1-0: Ball
2-0: Foul Ball, location: 2F
2-1: Ball
3-1: Called Strike
3-2: SINGLE (Groundball, 4)
Pil-joong Pak scores
Kade Knowles to second
Kade Knowles to third
Batting: LHB Yannick Hendriksen 0-0: Called Strike
0-1: Ball
1-1: Called Strike
1-2: Strikes out swinging
Batting: RHB Steve Dunn 0-0: Called Strike
0-1: Ball
1-1: Ball
2-1: Foul Ball, location: 2F
2-2: Fly out, F7 (Flyball, 7D)
Runner from 3rd tags up, SCORES, no throw
Batting: LHB Chris West 0-0: Swinging Strike
0-1: Hit by Pitch
Tony Dyer to second
Batting: RHB Juan Ramos 0-0: Ball
1-0: Ball
2-0: Foul Ball, location: 2F
2-1: Foul Ball, location: 2F
2-2: Fielders Choice at 2nd, U6 (Groundball, 6M)
Top of the 1st over - 2 run(s), 3 hit(s), 0 error(s), 2 left on base; Toledo 2 - Thunder Bay 0
BOTTOM OF THE 1ST
Thunder Bay Northern Lions BC batting - Pitching for Toledo Titans : RHP Eddie Kop
Pitching: RHP Eddie Kop
Batting: LHB David Smith 0-0: Fly out, F9 (Line Drive, 89S)
Batting: RHB Ed Whitaker 0-0: Ball
1-0: Ball
2-0: Fly out, F6 (Popup, 6)
Batting: LHB Michael Greene 0-0: Called Strike
0-1: Ball
1-1: Ball
2-1: Swinging Strike
2-2: SINGLE (Groundball, 4MD)
Batting: SHB Carlos Rodríguez 0-0: Called Strike
0-1: Ball
1-1: Foul Ball, location: 2F
1-2: Ball
2-2: Foul Ball, location: 2F
2-2: Reached on error, E4 (Groundball, 4)
Michael Greene to third
Batting: RHB Fred Meyer 0-0: Called Strike
0-1: Foul Ball, location: 2F
0-2: Strikes out swinging
Bottom of the 1st over - 0 run(s), 1 hit(s), 1 error(s), 2 left on base; Toledo 2 - Thunder Bay 0
TOP OF THE 2ND
Toledo Titans batting - Pitching for Thunder Bay Northern Lions BC : RHP Christian Pitts
Batting: RHB Mike Burns 0-0: Ball
1-0: Called Strike
1-1: Called Strike
1-2: SINGLE (Flyball, 8LS)
Batting: LHB José Ortega 0-0: Called Strike
0-1: Ball
1-1: Foul Ball, location: 2F
1-2: Foul Ball, location: 2F
1-2: Ball
2-2: Fielders Choice at 2nd, 3-6 (Groundball, 3)
Batting: RHB Pil-joong Pak 0-0: Called Strike
0-1: Ball
1-1: Foul Ball, location: 2F
1-2: Hit by Pitch
José Ortega to second
Batting: RHB Kade Knowles 0-0: Ball
1-0: Ball
2-0: Grounds out, U3 (Groundball, 3L)
José Ortega to third
Batting: LHB Tony Dyer 0-0: Called Strike
0-1: SINGLE (Groundball, 4MD)
José Ortega scores
Pil-joong Pak to third
Runner from 3rd tries for Home, SAFE, no throw or cutoff
Batting: LHB Yannick Hendriksen 0-0: Ball
1-0: SINGLE (Groundball, 3L)
Tony Dyer to second
Runner from 2nd tries for 3rd, SAFE, throw made to third
Batting: RHB Steve Dunn 0-0: Ball
1-0: SINGLE (Line Drive, 8RS)
Tony Dyer scores
Yannick Hendriksen to second
Batting: LHB Chris West 0-0: Ball
1-0: Ball
2-0: Fly out, F9 (Flyball, 9S)
Top of the 2nd over - 3 run(s), 4 hit(s), 0 error(s), 2 left on base; Toledo 5 - Thunder Bay 0
BOTTOM OF THE 2ND
Thunder Bay Northern Lions BC batting - Pitching for Toledo Titans : RHP Eddie Kop
Batting: RHB Keith Fish 0-0: Fly out, F9 (Flyball, 9LD)
Batting: SHB Arnold Griffith 0-0: Called Strike
0-1: Ball
1-1: Ball
2-1: Swinging Strike
2-2: Strikes out swinging
Batting: RHB Robert O'Connor 0-0: Foul Ball, location: 2F
0-1: Foul Ball, location: 2F
0-2: Ball
1-2: Strikes out swinging
Bottom of the 2nd over - 0 run(s), 0 hit(s), 0 error(s), 0 left on base; Toledo 5 - Thunder Bay 0
TOP OF THE 3RD
Toledo Titans batting - Pitching for Thunder Bay Northern Lions BC : RHP Christian Pitts
Batting: RHB Juan Ramos 0-0: SINGLE (Flyball, 9LS)
Batting: RHB Mike Burns 0-0: Called Strike
0-1: Ground out 5-3 (Groundball, 5S)
Juan Ramos to second
Batting: LHB José Ortega 0-0: Foul Ball, location: 2F
0-1: Foul Ball, location: 2F
0-2: Foul Ball, location: 2F
0-2: Ball
1-2: Ground out 4-3 (Groundball, 4)
Juan Ramos to third
Batting: RHB Pil-joong Pak 0-0: Ball
1-0: SINGLE (Groundball, 6MD) (infield hit)
Juan Ramos scores
Pitching: RHP Mauro Guerra
Batting: RHB Kade Knowles 0-0: Called Strike
Passed Ball!
Pil-joong Pak to second
0-1: Foul Ball, location: 2F
0-2: Ball
1-2: Ground out 4-3 (Groundball, 4)
Top of the 3rd over - 1 run(s), 2 hit(s), 0 error(s), 1 left on base; Toledo 6 - Thunder Bay 0
BOTTOM OF THE 3RD
Thunder Bay Northern Lions BC batting - Pitching for Toledo Titans : RHP Eddie Kop
Batting: RHB Carlos Padilla 0-0: Ball
1-0: Ground out 6-3 (Groundball, 6M)
Batting: LHB David Smith 0-0: Foul Ball, location: 2F
0-1: Ball
1-1: Foul Ball, location: 2F
1-2: Ball
2-2: DOUBLE (Line Drive, 8RXD)
Batting: RHB Ed Whitaker 0-0: Foul Ball, location: 2F
0-1: Ball
1-1: Ball
2-1: Foul Ball, location: 2F
2-2: Foul Ball, location: 2F
2-2: Fly out, F8 (Flyball, 8LM)
Batting: LHB Michael Greene 0-0: Foul Ball, location: 2F
0-1: Ball
1-1: Called Strike
1-2: Strikes out looking
Bottom of the 3rd over - 0 run(s), 1 hit(s), 0 error(s), 1 left on base; Toledo 6 - Thunder Bay 0
TOP OF THE 4TH
Toledo Titans batting - Pitching for Thunder Bay Northern Lions BC : RHP Mauro Guerra
Batting: LHB Tony Dyer 0-0: DOUBLE (Line Drive, 89D)
Batting: LHB Yannick Hendriksen 0-0: Swinging Strike
0-1: Foul Ball, location: 2F
0-2: Ground out 4-3 (Groundball, 4)
Tony Dyer to third
Batting: RHB Steve Dunn 0-0: Ball
1-0: SINGLE (Groundball, 6MD)
Tony Dyer scores
Batting: LHB Chris West 0-0: Ball
1-0: Ball
2-0: Fly out, F8 (Flyball, 8LM)
Batting: RHB Juan Ramos 0-0: Ball
1-0: Foul Ball, location: 2F
1-1: Foul Ball, location: 2F
1-2: Foul Ball, location: 2F
1-2: Ball
2-2: SINGLE (Line Drive, 5D)
Steve Dunn to second
Batting: RHB Mike Burns 0-0: Called Strike
0-1: Fly out, F8 (Flyball, 8LXD)
Top of the 4th over - 1 run(s), 3 hit(s), 0 error(s), 2 left on base; Toledo 7 - Thunder Bay 0
BOTTOM OF THE 4TH
Thunder Bay Northern Lions BC batting - Pitching for Toledo Titans : RHP Eddie Kop
Batting: SHB Carlos Rodríguez 0-0: Called Strike
0-1: SINGLE (Groundball, 34)
Batting: RHB Fred Meyer 0-0: Foul Ball, location: 2F
0-1: Called Strike
Carlos Rodríguez is caught stealing 2nd base
0-2: Ball
1-2: Ball
2-2: Fly out, F8 (Line Drive, 8RM)
Batting: RHB Keith Fish 0-0: Called Strike
0-1: Swinging Strike
0-2: SINGLE (Line Drive, 9S)
Batting: SHB Arnold Griffith 0-0: Ball
1-0: SINGLE (Line Drive, 8LS)
Keith Fish to second
Batting: RHB Robert O'Connor 0-0: Ball
1-0: Foul Ball, location: 2F
1-1: Fly out, F9 (Line Drive, 89S)
Bottom of the 4th over - 0 run(s), 3 hit(s), 0 error(s), 2 left on base; Toledo 7 - Thunder Bay 0
TOP OF THE 5TH
Toledo Titans batting - Pitching for Thunder Bay Northern Lions BC : RHP Mauro Guerra
Batting: LHB José Ortega 0-0: SINGLE (Line Drive, 4M)
Batting: RHB Pil-joong Pak 0-0: Sac Bunt - play at first, batter OUT! 1-3
José Ortega to second
Batting: RHB Kade Knowles 0-0: Called Strike
0-1: Ball
1-1: Swinging Strike
1-2: Foul Ball, location: 2F
1-2: Foul Ball, location: 2F
1-2: Ball
2-2: Ball
3-2: SINGLE (Groundball, 6MD)
José Ortega to third
Runner from 3rd tries for Home, SAFE, no throw or cutoff
Batting: LHB Tony Dyer 0-0: Foul Ball, location: 2F
0-1: Ball
1-1: Fly out, F8 (Flyball, 8LD)
Batting: LHB Yannick Hendriksen 0-0: Called Strike
0-1: Foul Ball, location: 2F
0-2: Ball
1-2: Ground out 4-3 (Groundball, 4S)
Top of the 5th over - 1 run(s), 2 hit(s), 0 error(s), 1 left on base; Toledo 8 - Thunder Bay 0
BOTTOM OF THE 5TH
Thunder Bay Northern Lions BC batting - Pitching for Toledo Titans : RHP Eddie Kop
Batting: RHB Carlos Padilla 0-0: Ball
1-0: Fly out, F9 (Flyball, 9M)
Batting: LHB David Smith 0-0: Ball
1-0: Foul Ball, location: 2F
1-1: Foul Ball, location: 2F
1-2: Fly out, F8 (Line Drive, 8LM)
Batting: RHB Ed Whitaker 0-0: Ball
1-0: Called Strike
1-1: Ball
2-1: Foul Ball, location: 2F
2-2: Fly out, F6 (Popup, 5D)
Bottom of the 5th over - 0 run(s), 0 hit(s), 0 error(s), 0 left on base; Toledo 8 - Thunder Bay 0
TOP OF THE 6TH
Toledo Titans batting - Pitching for Thunder Bay Northern Lions BC : RHP Mauro Guerra
Pitching: RHP José Salinas
Batting: RHB Steve Dunn 0-0: Called Strike
0-1: Ball
1-1: Foul Ball, location: 2F
1-2: Foul Ball, location: 2F
1-2: Reached on error, E5 (Groundball, 56S)
Batting: LHB Chris West 0-0: Ball
1-0: Foul Ball, location: 2F
1-1: Called Strike
1-2: Foul Ball, location: 2F
1-2: Ball
2-2: Ball
3-2: SINGLE (Line Drive, 6D)
Steve Dunn to third
Batting: RHB Juan Ramos 0-0: Called Strike
0-1: Called Strike
0-2: Ball
1-2: Foul Ball, location: 2F
1-2: Foul Ball, location: 2F
1-2: Ball
2-2: SINGLE (Flyball, 9S)
Steve Dunn scores
Chris West to second
Runner from 2nd tries for 3rd, SAFE, throw made to third
Juan Ramos to second
Batting: RHB Mike Burns 0-0: Ball
1-0: Foul Ball, location: 2F
1-1: Ball
2-1: Ball
3-1: Foul Ball, location: 2F
3-2: SINGLE (Groundball, 6D)
Chris West scores
Juan Ramos to third
Runner from 3rd tries for Home, SAFE, throw made home
Mike Burns to second
Pitching: RHP Ted Thompson
Batting: LHB José Ortega 0-0: Called Strike
0-1: Ball
1-1: Swinging Strike
1-2: Foul Ball, location: 2F
1-2: Foul Ball, location: 2F
1-2: Foul Ball, location: 2F
1-2: Fly out, F8 (Flyball, 8RM)
Batting: RHB Pil-joong Pak 0-0: Ball
1-0: Called Strike
1-1: Foul Ball, location: 2F
1-2: DOUBLE (Flyball, 8RXD)
Mike Burns scores
Batting: RHB Kade Knowles 0-0: Called Strike
0-1: Foul Ball, location: 2F
0-2: Ball
1-2: Foul Ball, location: 2F
1-2: Strikes out looking
Batting: LHB Tony Dyer 0-0: Called Strike
0-1: Ball
1-1: Ground out 1-3 (Groundball, 25)
Top of the 6th over - 4 run(s), 4 hit(s), 1 error(s), 1 left on base; Toledo 12 - Thunder Bay 0
BOTTOM OF THE 6TH
Thunder Bay Northern Lions BC batting - Pitching for Toledo Titans : RHP Eddie Kop
Batting: LHB Michael Greene 0-0: Swinging Strike
0-1: Ball
1-1: Foul Ball, location: 2F
1-2: Ball
2-2: Foul Ball, location: 2F
2-2: Ball
3-2: Strikes out swinging
Batting: SHB Carlos Rodríguez 0-0: Called Strike
0-1: Foul Ball, location: 2F
0-2: Foul Ball, location: 2F
0-2: Ball
1-2: Foul Ball, location: 2F
1-2: Foul Ball, location: 2F
1-2: DOUBLE (Flyball, 7LS)
Batting: RHB Fred Meyer 0-0: Swinging Strike
0-1: Foul Ball, location: 2F
0-2: Strikes out swinging
Batting: RHB Keith Fish 0-0: Foul Ball, location: 2F
0-1: Ball
1-1: Ground out 4-3 (Groundball, 34)
Bottom of the 6th over - 0 run(s), 1 hit(s), 0 error(s), 1 left on base; Toledo 12 - Thunder Bay 0
TOP OF THE 7TH
Toledo Titans batting - Pitching for Thunder Bay Northern Lions BC : RHP Ted Thompson
Batting: LHB Yannick Hendriksen 0-0: Ball
1-0: Ball
2-0: Ball
3-0: Foul Ball, location: 2F
3-1: Fly out, F9 (Flyball, 89D)
Batting: RHB Steve Dunn 0-0: Ball
1-0: Ball
2-0: Ball
3-0: Base on Balls
Batting: LHB Chris West 0-0: Ball
1-0: Grounds into double play, 4-6-3 (Groundball, 4)
Top of the 7th over - 0 run(s), 0 hit(s), 0 error(s), 0 left on base; Toledo 12 - Thunder Bay 0
BOTTOM OF THE 7TH
Thunder Bay Northern Lions BC batting - Pitching for Toledo Titans : RHP Eddie Kop
Batting: SHB Arnold Griffith 0-0: Ball
1-0: Called Strike
1-1: Ball
Reached via error on a dropped throw, E1
Batting: RHB Robert O'Connor 0-0: 2-RUN HOME RUN (Flyball, 7D), Distance : 403 ft
Batting: RHB Carlos Padilla 0-0: Ball
1-0: Ball
2-0: Ball
3-0: Called Strike
3-1: DOUBLE (Line Drive, 5D)
Batting: LHB David Smith 0-0: Ball
1-0: Ground out 4-3 (Groundball, 4)
Carlos Padilla to third
Batting: RHB Ed Whitaker 0-0: Foul Ball, location: 2F
0-1: Ball
1-1: Foul Ball, location: 2F
1-2: Ball
2-2: Foul Ball, location: 2F
2-2: Ball
3-2: Fly out, F7 (Flyball, 7LM)
Runner from 3rd tags up, SCORES, throw made
Batting: LHB Michael Greene 0-0: Called Strike
0-1: Ground out U3 (Groundball, 3)
Bottom of the 7th over - 3 run(s), 2 hit(s), 1 error(s), 0 left on base; Toledo 12 - Thunder Bay 3
TOP OF THE 8TH
Toledo Titans batting - Pitching for Thunder Bay Northern Lions BC : RHP Ted Thompson
Batting: RHB Juan Ramos 0-0: Swinging Strike
0-1: Ball
1-1: Swinging Strike
1-2: Strikes out swinging
Batting: RHB Mike Burns 0-0: Ball
1-0: Ball
2-0: Ground out 5-3 (Groundball, 5S)
Batting: LHB José Ortega 0-0: Ball
1-0: Ground out 4-3 (Groundball, 34)
Top of the 8th over - 0 run(s), 0 hit(s), 0 error(s), 0 left on base; Toledo 12 - Thunder Bay 3
BOTTOM OF THE 8TH
Thunder Bay Northern Lions BC batting - Pitching for Toledo Titans : RHP Eddie Kop
Batting: SHB Carlos Rodríguez 0-0: Ball
1-0: Called Strike
1-1: Fly out, F4 (Popup, 89S)
Pitching: LHP Brandeis Vogt
Batting: RHB Fred Meyer 0-0: Fly out, F8 (Flyball, 8LM)
Batting: RHB Keith Fish 0-0: Ball
1-0: Ground out 4-3 (Groundball, 4M)
Bottom of the 8th over - 0 run(s), 0 hit(s), 0 error(s), 0 left on base; Toledo 12 - Thunder Bay 3
TOP OF THE 9TH
Toledo Titans batting - Pitching for Thunder Bay Northern Lions BC : RHP Ted Thompson
Batting: RHB Pil-joong Pak 0-0: Called Strike
0-1: Ball
1-1: Ball
2-1: Swinging Strike
2-2: Fly out, F8 (Flyball, 8RM)
Pitching: RHP Allen Wilson
Batting: RHB Kade Knowles 0-0: Ball
1-0: Ball
2-0: Foul Ball, location: 2F
2-1: Foul Ball, location: 2F
2-2: Fly out, F7 (Flyball, 7LM)
Batting: LHB Tony Dyer 0-0: Fly out, F7 (Flyball, 8LM)
Top of the 9th over - 0 run(s), 0 hit(s), 0 error(s), 0 left on base; Toledo 12 - Thunder Bay 3
BOTTOM OF THE 9TH
Thunder Bay Northern Lions BC batting - Pitching for Toledo Titans : LHP Brandeis Vogt
Now in LF: Jeff Lee
Batting: SHB Arnold Griffith 0-0: SINGLE (Line Drive, 7LS)
Batting: RHB Robert O'Connor 0-0: Called Strike
0-1: Ball
1-1: Grounds into double play, 6-4-3 (Groundball, 56)
Batting: RHB Carlos Padilla 0-0: Called Strike
0-1: Hit by Pitch
Batting: LHB David Smith 0-0: Swinging Strike
0-1: Ball
1-1: Swinging Strike
1-2: Foul Ball, location: 2F
1-2: Ball
2-2: Strikes out swinging
Bottom of the 9th over - 0 run(s), 1 hit(s), 0 error(s), 1 left on base; Toledo 12 - Thunder Bay 3
This league is powered by Out of the Park Baseball, the baseball management simulation game for PC, Mac and Linux
Monday, October 3rd, 2016 - OOTP Baseball 16.9 Build 39